Map: Proxima Station LE

Players

LiquidTLO (TLO) - Winner!

  • Race: Zerg Zerg
  • Spawn Location: 1:00

Neeb

  • Race: Protoss Protoss
  • Spawn Location: 7:00

Event: WCS Jonkoping 2017

VOD

Have the link to the VOD?

Description

Time

  • Played on: June 17, 2017, 3:07 p.m.
  • Length: 13:39

All games in this series

Show
View Real Time Build Order
Export as new Build Order

LiquidTLO Zerg - Winner!

Build Orders: 3 Hatch before Pool 

Get SALT Encoding   

  12  0:00  Drone  
  13  0:12  Overlord  
  13  0:17  Drone  
  14  0:31  Drone x2  
  16  0:49  Hatchery  
  15  0:52  Drone  
  16  0:58  Drone  
  17  1:17  Hatchery  
  16  1:20  Drone  
  16  1:24  Drone  
  18  1:37  Spawning Pool  
  17  1:40  Drone  
  17  1:43  Drone  
  17  1:46  Extractor  
  18  1:49  Drone  
  20  1:54  Drone  
  20  2:01  Drone  
  20  2:04  Drone  
  22  2:12  Drone  
  22  2:14  Drone  
  24  2:22  Drone  
  25  2:26  Queen  
  27  2:30  Queen  
  27  2:33  Queen  
  32  2:37  Zergling x2  
  32  2:41  Overlord  
  32  2:45  Drone  
  32  2:47  Drone  
  34  2:52  Overlord  
  34  2:57  Metabolic Boost  
  34  3:03  Drone  
  34  3:04  Drone  
  37  3:05  Drone  
  37  3:06  Drone  
  38  3:13  Drone x2  
  38  3:15  Drone  
  38  3:17  Spore Crawler  
  38  3:18  Drone  
  41  3:21  Drone  
  41  3:22  Drone  
  41  3:24  Zergling x2  
  44  3:28  Overlord  
  44  3:31  Drone  
  44  3:32  Drone  
  46  3:37  Spore Crawler  
  46  3:38  Spore Crawler  
  46  3:39  Drone  
  41  3:42  Drone  
  41  3:45  Drone  
  41  3:47  Extractor  
  41  3:48  Drone  
  42  3:49  Drone  
  42  3:50  Drone  
  42  3:52  Drone  
  42  3:54  Drone  
  47  3:56  Zergling x2  
  47  3:58  Drone  
  47  4:02  Drone  
  50  4:03  Drone x2  
  50  4:07  Drone  
  53  4:12  Lair  
  53  4:14  Drone  
  53  4:15  Evolution Chamber, Drone  
  53  4:16  Drone  
  55  4:19  Drone  
  55  4:20  Drone  
  57  4:27  Drone  
  57  4:28  Baneling Nest  
  57  4:30  Drone  
  57  4:31  Overlord  
  57  4:34  Overlord  
  57  4:37  Extractor  
  57  4:38  Overlord  
  56  4:41  Drone  
  56  4:44  Zerg Melee Weapons Level 1, Overlord  
  57  4:47  Spore Crawler  
  57  4:48  Drone  
  57  4:50  Drone  
  57  4:51  Drone x5  
  63  4:53  Zergling x2  
  63  4:56  Drone x2  
  63  4:58  Drone  
  63  4:59  Drone  
  62  5:01  Drone  
  62  5:05  Zergling x2  
  64  5:07  Drone  
  64  5:08  Extractor x2, Drone  
  64  5:10  Drone  
  65  5:16  Drone  
  65  5:17  Hydralisk Den  
  65  5:19  Extractor, Drone x2  
  65  5:20  Drone  
  68  5:21  Zergling x4  
  68  5:23  Zergling x2  
  68  5:24  Zergling x2  
  68  5:25  Zergling x2  
  68  5:26  Zergling x2  
  73  5:28  Zergling x2  
  73  5:30  Zergling x2  
  73  5:33  Overlord  
  75  5:36  Drone, Overlord  
  75  5:37  Overlord  
  75  5:40  Drone  
  75  5:42  Overlord  
  77  5:43  Overlord  
  77  5:50  Hydralisk x2, Muscular Augments  
  81  6:00  Hydralisk  
  81  6:01  Hatchery  
  80  6:05  Hydralisk  
  80  6:06  Hydralisk  
  80  6:09  Hydralisk  
  80  6:10  Hydralisk  
  87  6:12  Drone  
  87  6:14  Drone x2  
  87  6:16  Drone  
  91  6:19  Drone x2  
  91  6:22  Centrifical Hooks  
  93  6:29  Zergling x2  
  93  6:32  Zergling x2  
  95  6:33  Zergling x2  
  95  6:36  Zergling x2  
  95  6:37  Zergling x2  
  95  6:39  Zerg Melee Weapons Level 2  
  98  6:40  Baneling  
  98  6:41  Baneling x6, Zergling x2  
  98  6:42  Zergling x2  
  98  6:43  Zergling x4  
  98  6:46  Zergling x2  
  103  6:49  Zergling x2  
  103  6:50  Zergling x2  
  103  6:51  Zergling x2  
  103  6:53  Zergling x2  
  107  6:55  Zergling x2  
  107  6:57  Zergling x2  
  107  6:58  Zergling x2  
  107  6:59  Hydralisk x3  
  113  7:07  Zergling x2  
  114  7:08  Overlord  
  114  7:09  Overlord x2  
  114  7:10  Overlord  
  114  7:14  Zergling x2  
  114  7:15  Zergling x2  
  115  7:20  Zergling x2  
  115  7:21  Zergling x2  
  115  7:22  Zergling x2  
  117  7:25  Infestation Pit  
  117  7:26  Drone x4  
  117  7:28  Baneling x6  
  117  7:29  Zergling x4  
  122  7:38  Spore Crawler  
  122  7:39  Zergling x2  
  122  7:40  Zergling x14  
  129  7:44  Extractor  
  129  7:48  Baneling x10  
  129  7:49  Spire  
  127  7:56  Hydralisk  
  127  7:58  Hydralisk x2  
  126  8:08  Hydralisk  
  126  8:09  Hydralisk  
  126  8:11  Hydralisk  
  117  8:15  Zergling x2  
  117  8:16  Zergling x12  
  119  8:20  Zergling x2  
  119  8:22  Zergling x2  
  119  8:23  Zergling x8  
  119  8:24  Zergling x2  
  119  8:25  Zergling x4  
  116  8:27  Zergling x8  
  116  8:29  Hive, Hydralisk  
  116  8:31  Hydralisk x2  
  122  8:39  Drone  
  123  8:41  Zergling x4  
  123  8:42  Zergling x2  
  123  8:45  Baneling x8  
  126  8:50  Zergling x2  
  126  8:51  Zergling x4  
  126  8:52  Queen  
  131  8:56  Baneling x7  
  131  8:58  Zergling x4  
  131  8:59  Zergling x4  
  131  9:01  Spine Crawler  
  134  9:03  Corruptor  
  135  9:12  Zergling x4  
  135  9:13  Zergling x2  
  137  9:19  Zergling x10  
  138  9:30  Hydralisk  
  133  9:32  Hydralisk x2  
  133  9:36  Zergling x2  
  133  9:37  Zergling x24  
  133  9:38  Zergling x2  
  134  9:42  Greater Spire  
  134  9:43  Zergling x2  
  134  9:45  Corruptor  
  137  9:46  Queen  
  137  9:48  Baneling x11, Zergling x2  
  137  9:49  Zergling x2  
  140  9:54  Zergling x2  
  140  9:55  Corruptor  
  140  9:57  Extractor  
  141  10:01  Zergling x2  
  141  10:06  Corruptor x2  
  146  10:09  Baneling x2  
  146  10:11  Zergling x2  
  146  10:12  Zergling x6  
  146  10:13  Hatchery  
  149  10:18  Hydralisk  
  149  10:21  Hydralisk  
  131  10:22  Zergling x10  
  131  10:23  Zergling x4  
  131  10:25  Zergling x4  
  131  10:26  Zergling x2  
  131  10:27  Zergling x2  
  131  10:28  Zergling x2  
  137  10:29  Zergling x2  
  137  10:31  Zergling x4  
  136  10:45  Overseer  
  136  10:58  Brood Lord  
  136  10:59  Brood Lord x3  
  136  11:02  Zergling x2  
  136  11:03  Zergling x4  
  147  11:05  Zergling x2, Overlord  
  147  11:06  Zergling x8  
  147  11:09  Overlord  
  147  11:11  Extractor  
  151  11:12  Spore Crawler x2, Brood Lord  
  151  11:16  Overlord x2  
  153  11:24  Zergling x2  
  153  11:29  Zergling x20  
  153  11:30  Zergling x8  
  164  11:33  Spine Crawler x3  
  164  11:39  Zergling x10  
  166  11:40  Zergling x2  
  166  11:42  Zergling x2  
  166  11:44  Baneling x3, Zergling x2  
  163  11:52  Zergling x2  
  163  11:53  Zergling x2  
  165  11:56  Baneling x4  
  165  11:57  Baneling x4  
  165  12:01  Corruptor  
  165  12:07  Zergling x2  
  165  12:08  Zergling x8  
  172  12:12  Zergling x2  
  170  12:17  Zergling x4  
  170  12:22  Zergling x10  
  162  12:25  Zergling x2  
  162  12:26  Zergling x10  
  160  12:37  Zergling x8  
  160  12:41  Overseer  
  160  12:43  Baneling x5  
  163  12:54  Zergling x4  
  163  12:55  Zergling x2  
  163  12:56  Zergling x2  
  163  12:58  Zergling x4  
  168  12:59  Zergling x2  
  168  13:00  Zergling x2  
  168  13:01  Hydralisk  
  172  13:06  Zergling x4  
  172  13:09  Zergling x2  
  175  13:13  Zergling x2  
  175  13:19  Baneling x4  
Show
View Real Time Build Order
Export as new Build Order

Neeb Protoss 

Build Orders: 1 Gate Expand, Oracle Opening, Zealot Archon 

Get SALT Encoding   

  12  0:00  Probe (Chrono Boost)  
  13  0:11  Probe (Chrono Boost)  
  14  0:17  Pylon  
  14  0:22  Probe (Chrono Boost)  
  15  0:35  Probe (Chrono Boost), Gateway  
  16  0:43  Assimilator  
  16  0:45  Probe (Chrono Boost)  
  17  0:56  Probe (Chrono Boost)  
  18  1:07  Probe (Chrono Boost)  
  19  1:18  Nexus  
  19  1:22  Probe (Chrono Boost)  
  20  1:31  Cybernetics Core  
  20  1:34  Probe (Chrono Boost)  
  20  1:39  Assimilator  
  21  1:45  Probe (Chrono Boost)  
  22  1:50  Pylon  
  22  1:55  Probe (Chrono Boost)  
  23  2:08  Probe (Chrono Boost)  
  26  2:12  Stargate  
  24  2:18  Probe (Chrono Boost)  
  24  2:21  Stalker (Chrono Boost)  
  27  2:29  Probe  
  28  2:30  Probe, Warp Gate  
  29  2:41  Probe x2 (Chrono Boost)  
  31  2:52  Probe (Chrono Boost)  
  31  2:53  Probe (Chrono Boost)  
  31  2:57  Oracle (Chrono Boost)  
  36  3:01  Pylon  
  36  3:02  Probe  
  36  3:04  Probe  
  38  3:09  Adept  
  40  3:12  Probe  
  40  3:16  Probe  
  42  3:23  Gateway  
  42  3:26  Gateway  
  43  3:28  Probe  
  43  3:31  Probe, Oracle (Chrono Boost)  
  47  3:41  Probe x2  
  48  3:45  Pylon  
  49  3:52  Probe  
  49  3:53  Probe  
  51  4:02  Pylon, Probe  
  51  4:03  Pylon  
  51  4:05  Probe, Phoenix (Chrono Boost)  
  55  4:13  Probe  
  55  4:16  Nexus  
  56  4:18  Probe  
  56  4:23  Probe  
  59  4:34  Probe (Chrono Boost), Mothership Core (Chrono Boost)  
  59  4:35  Assimilator  
  59  4:36  Assimilator  
  59  4:37  Robotics Facility  
  60  4:41  Pylon  
  60  4:46  Probe (Chrono Boost)  
  60  4:47  Pylon  
  61  4:54  Probe (Chrono Boost)  
  61  4:57  Probe (Chrono Boost)  
  60  5:04  Forge  
  60  5:05  Probe (Chrono Boost), Twilight Council  
  60  5:06  Sentry  
  63  5:07  Probe (Chrono Boost)  
  63  5:08  Zealot x2  
  68  5:15  Probe (Chrono Boost)  
  68  5:17  Probe (Chrono Boost)  
  70  5:25  Probe  
  70  5:26  Pylon, Warp Prism (Chrono Boost), Probe  
  70  5:27  Probe  
  74  5:29  Protoss Ground Weapons Level 1  
  74  5:33  Charge (Chrono Boost)  
  75  5:37  Probe x2  
  75  5:40  Probe  
  75  5:41  Gateway  
  75  5:42  Zealot, Gateway  
  80  5:51  Gateway  
  80  5:53  Probe x2  
  80  5:54  Probe  
  83  5:58  Zealot, Sentry  
  87  6:05  Probe x2  
  87  6:06  Probe, Pylon  
  94  6:11  Immortal (Chrono Boost)  
  94  6:17  Probe x2, Assimilator x2  
  96  6:20  Templar Archives  
  96  6:26  Probe  
  96  6:27  Pylon  
  96  6:30  Pylon  
  96  6:32  Pylon  
  97  6:34  Gateway  
  97  6:35  Templar Archives  
  97  6:44  Gateway  
  97  6:47  Observer (Chrono Boost)  
  98  7:05  Nexus  
  98  7:06  Protoss Ground Weapons Level 2, Immortal (Chrono Boost)  
  98  7:07  Pylon  
  102  7:16  Zealot x6  
  106  7:27  Probe x2  
  106  7:34  Robotics Facility  
  106  7:38  High Templar x3  
  106  7:39  Zealot x2, High Templar  
  106  7:41  Probe x2, Immortal (Chrono Boost)  
  106  7:42  Probe, Archon x2  
  125  7:46  Pylon  
  125  7:47  Pylon  
  125  7:54  Zealot x2  
  113  8:14  Zealot x7, Immortal (Chrono Boost)  
  110  8:30  Immortal (Chrono Boost)  
  110  8:33  Nexus  
  114  8:35  Pylon, High Templar x4  
  114  8:39  Archon x2  
  114  8:40  Zealot x4  
  130  8:46  Pylon  
  134  8:49  Immortal (Chrono Boost)  
  134  9:00  Probe x3, Pylon  
  134  9:01  Pylon  
  134  9:02  High Templar x2  
  141  9:03  Zealot  
  141  9:05  Immortal (Chrono Boost)  
  141  9:06  Archon  
  145  9:23  Immortal (Chrono Boost)  
  149  9:26  High Templar x2  
  149  9:27  Zealot  
  149  9:31  Archon  
  125  9:39  Immortal (Chrono Boost)  
  125  9:42  Zealot x3, Sentry  
  125  9:44  Mothership Core  
  125  9:47  Assimilator  
  125  9:51  Assimilator  
  125  9:57  Zealot x2, Immortal (Chrono Boost)  
  133  10:04  Zealot x5  
  143  10:11  Zealot  
  143  10:13  Immortal (Chrono Boost)  
  131  10:23  Zealot x2  
  131  10:25  Zealot  
  131  10:26  Zealot x4  
  131  10:28  Mothership Core  
  125  10:29  Protoss Ground Weapons Level 3  
  125  10:33  High Templar  
  125  10:35  Photon Cannon, Immortal (Chrono Boost)  
  129  10:45  High Templar  
  129  10:46  Zealot, Sentry x2  
  129  10:47  Zealot x2  
  145  10:51  Archon  
  145  11:01  Stargate  
  141  11:06  Stargate  
  141  11:09  Warp Prism (Chrono Boost), High Templar  
  141  11:10  Zealot x5, High Templar  
  157  11:12  Photon Cannon  
  157  11:16  Photon Cannon  
  157  11:18  Archon  
  157  11:23  Stargate  
  157  11:26  Observer (Chrono Boost)  
  144  11:35  Zealot x2  
  144  11:36  Zealot x3  
  154  11:40  Nexus  
  155  11:50  Void Ray (Chrono Boost)  
  155  11:52  Fleet Beacon  
  158  11:55  Void Ray (Chrono Boost)  
  159  12:14  Zealot x7  
  143  12:29  Void Ray (Chrono Boost)  
  145  12:30  Zealot x3  
  145  12:31  Zealot x5  
  145  12:33  Void Ray (Chrono Boost)  
  161  12:52  High Templar  
  161  12:53  High Templar x5  
  161  12:54  Zealot x2  
  161  12:57  Archon x2  
  161  12:58  Archon  
  165  13:13  Pylon  
  165  13:16  Pylon  
  165  13:17  Pylon  
  147  13:34  Zealot x4  
Tags
 
Add a new tag
Caveats
  • Supply blocks, unpowered buildings, or Contaminate may cause inaccurate times.
  • Supply counts are checked every 10 seconds.